AoeStats
← [KOF] Ludemaro

Arena

510409060Analyzed
1v1 RM · 19h ago on Sep 30, 2026· 30m 10s· 2 players
Game mode
Random Map
Map size
Tiny (2 player)
Population
200
Speed
Normal
Resources
Standard
Victory
Conquest
Starting age
Dark Age
Ending age
Imperial Age
RankedLock teamsTeams togetherTeam positionsShared explorationLock speedFull tech treeHidden civsTurbo modeCheats
Victory
Defeat
🇦🇷 Turks · Argentina
1199
+16
🇨🇦 Malay · Canada
1193
-16
skadooshkfp
11:12 Feudal Age
14:51 Castle Age
13:18 Horse Collar
[KOF] Ludemaro
11:42 Feudal Age
11:33 Loom
15:25 Castle Age
13:17 Double-Bit Axe
14:44 Gold Mining
16:43 Bow Saw
20:22 Fletching
30:58 Wheelbarrow
Connection lost

Rejoining the realm…

Still unreachable

The connection could not be restored.

Session expired

The server has moved on; the page needs a fresh start.